 Dungeon Crawl Stone Soup version 0.31.0-32-g396128a36d (webtiles) character file.

Game seed: 9824597487817978282

252 hawla the Firebug (level 5, 0/28 HPs)
             Began as a Deep Elf Fire Elementalist on Apr 14, 2024.
             Slain by a sleepcap (1 damage)
             ... on level 3 of the Dungeon.
             The game lasted 00:05:37 (1854 turns).

hawla the Firebug (Deep Elf Fire Elementalist)      Turns: 1854, Time: 00:05:38

Health: 0/28       AC:  3    Str:  2 (5)  XL:     5   Next: 89%
Magic:  10/12      EV: 12    Int: 20 (22) God:
Gold:   147        SH:  0    Dex: 12 (15) Spells: 3/10 levels left

rFire   + . .        d - +0 dagger (venom)
rCold   x . .        (no shield)
rNeg    . . .        a - +0 robe
rPois   .            c - +0 helmet
rElec   .            (no cloak)
rCorr   .            (no gloves)
SInv    .            (no boots)
Will    +....        (no amulet)
Stlth   ++           f - ring of fire
HPRegen 0.24/turn    (no ring)
MPRegen 0.13/turn

%: no passive effects
@: no status effects
A: strong-willed 1, MP-powered wands, noise suppression
a: no special abilities


You were on level 3 of the Dungeon.
You visited 1 branch of the dungeon, and saw 3 of its levels.

You collected 190 gold pieces.
You spent 43 gold pieces at shops.

Inventory:

Hand Weapons
 d - a +0 dagger of venom (weapon)
Armour
 a - a +0 robe (worn)
 c - a +0 helmet (worn)
Jewellery
 f - a ring of fire (left hand)
Scrolls
 e - a scroll of fear
 g - a scroll of enchant weapon
 i - a scroll of enchant armour
Potions
 b - a potion of magic
 l - a potion of berserk rage {unknown}


   Skills:
 - Level 2.5 Dodging
 - Level 2.5 Stealth
 + Level 3.4 Spellcasting
 * Level 2.0 Conjurations
 * Level 6.9 Fire Magic


You had 3 spell levels left.
You knew the following spells:

 Your Spells              Type           Power      Damage    Failure   Level
a - Foxfire               Conj/Fire      100%       2x1d9     2%          1
b - Scorch                Fire           92%        2d8       1%          2
c - Flame Wave            Conj/Fire      32%        2d9       22%         4

Your spell library contained the following spells:

 Spells                   Type           Power      Damage    Failure   Level
 Inner Flame              Hex/Fire       25%        N/A       10%         3
 Volatile Blastmotes      Fire/Tloc      50%        2d14      10%         3
 Animate Dead             Necr           3%         N/A       80%         4
 Borgnjor's Vile Clutch   Necr/Erth      1%         N/A       98%         5
 Death Channel            Necr           1%         N/A       100%        6


Dungeon Overview and Level Annotations

Branches:
Dungeon (3/15)

Altars:

Shops:
D:1 :=*


Innate Abilities, Weirdness & Mutations

You are strong-willed. (Will+)
You expend magic power (3 MP) to strengthen your wands.
You passively dampen the noise of your surroundings.


Message History

A bat is nearby!
A bat is nearby!
The helpless bat fails to defend itself.
You puncture the bat!
You kill the bat!
No target in view!
There is a stone staircase leading down here.
A sleepcap comes into view.
A sleepcap is nearby!
A sleepcap is nearby!
A sleepcap is nearby!
A frilled lizard comes into view.
The frilled lizard hisses angrily.
The sleepcap barely misses you.
You hit the sleepcap but do no damage.
The sleepcap is poisoned.
The sleepcap releases spores at you.
You hit the sleepcap but do no damage. The sleepcap releases spores at you.
You hit the sleepcap.
The sleepcap is lightly damaged.
The sleepcap releases spores at you.
You are engulfed in a cloud of soporific spores!
You fall asleep.
The frilled lizard hisses.
The sleepcap releases spores at you!!
You wake up.
Ouch! That really hurt!
* * * LOW HITPOINT WARNING * * *
You are engulfed in a cloud of soporific spores!
You are unaffected.
Casting: Foxfire (safe; 1% risk of failure)
Confirm with . or Enter, or press ? or * to list all spells.
You feel a surge of power!
Flames lash the sleepcap.
The sleepcap is moderately damaged.
The sleepcap's fire resistance burns away.
The sleepcap releases spores at you but does no damage.
Unknown command.
It was a potion of degeneration.
There was something very wrong with that liquid.
You feel weakened.
You feel dopey.
You feel clumsy. The sleepcap releases spores at you.
You die...

#.....## .......##
.... ........# ...
........+ ...
........# ..#
...)...## #.#
#.....## #l#
##...## #f# ##'##
#@# #.# #.#
#.##### #.#
###.....# #.#
.#...##.########.#
.................#
.#....#.##########
.##...#.#
.###..#.#


You could see a sleepcap (very poisoned, combustible) and a frilled lizard.

Vanquished Creatures
  Sigmund (D:2)
  Jessica (D:2)
  3 adders (D:2)
  2 dart slugs
  A ribbon worm (D:2)
  4 bats
  3 endoplasms
  2 giant cockroaches (D:2)
  3 hobgoblins
  4 jackals (D:2)
  5 kobolds
  A quokka (D:1)
  2 ball pythons
  5 frilled lizards
  6 goblins
  A rat (D:1)
44 creatures vanquished.

Vanquished Creatures (others)
  43 foxfires
43 creatures vanquished.

Grand Total: 87 creatures vanquished

Notes
Turn   | Place    | Note
-------+----------+-------------------------------------------
     0 | D:1      | hawla the Deep Elf Fire Elementalist began the quest for
                  | the Orb.
     0 | D:1      | Reached XP level 1. HP: 10/10 MP: 6/6
   139 | D:1      | Reached XP level 2. HP: 15/15 MP: 5/8
   142 | D:1      | Learned a level 2 spell: Scorch
   275 | D:1      | Reached skill level 4 in Fire Magic
   401 | D:1      | Found Numatron's Book Emporium.
   530 | D:1      | Found Dylozuq's Jewellery Shoppe.
   536 | D:1      | Found Rizif's Assorted Antiques.
   610 | D:1      | Bought a scroll labelled MUASHIVIUSE for 23 gold pieces
   610 | D:1      | Bought a cyan potion for 20 gold pieces
   743 | D:2      | Gained mutation: You passively dampen the noise of your
                  | surroundings. [potion of mutation]
   743 | D:2      | Gained mutation: You expend magic power (3 MP) to
                  | strengthen your wands. [potion of mutation]
   743 | D:2      | Gained mutation: You are strong-willed. (Will+) [potion of
                  | mutation]
   751 | D:2      | Reached XP level 3. HP: 6/19 MP: 1/9
   860 | D:2      | Noticed Sigmund
   865 | D:2      | Killed Sigmund
   866 | D:2      | Reached skill level 6 in Fire Magic
   866 | D:2      | Reached XP level 4. HP: 24/24 MP: 3/10
   866 | D:2      | Reached XP level 5. HP: 28/28 MP: 3/11
   875 | D:2      | Learned a level 4 spell: Flame Wave
  1054 | D:2      | Noticed Jessica
  1062 | D:2      | Killed Jessica
  1852 | D:3      | HP: 1/28 [sleepcap (19)]
  1854 | D:3      | Slain by a sleepcap

Illustrated notes

Levels and vault maps discovered:
D:1:      roderic_octagonal_star, layout_basic, serial_shops,
          nicolae_shop_overgrown_old_shop, shop, shop_fountains, serial_forest,
          infiniplex_forest_clump_double, infiniplex_forest_straight_2,
          infiniplex_forest_clump_long, infiniplex_forest_clump_C,
          infiniplex_forest_end_1, infiniplex_forest_corner_1,
          infiniplex_forest_clump_diagonal, infiniplex_forest_clump_long,
          infiniplex_forest_clump_small
D:2:      layout_loops_ring, minmay_gold_behind_fungi, uniq_sigmund,
          uniq_jessica
D:3:      layout_loops_corners

Skill      XL: |  1  2  3  4  5 |
---------------+----------------+-----
Fire Magic     | 4 6 |  6.9
Conjurations   | 2 |  2.0
Dodging        | |  2.5
Stealth        | |  2.5
Spellcasting   | |  3.4

Action                     |  1- 3 |  4- 6 || total
---------------------------+-------+-------++-------
  Melee: Unarmed           |     1 |       ||     1
         Dagger            |    20 |    53 ||    73
   Cast: Foxfire           |    15 |    10 ||    25
         Scorch            |    11 |     3 ||    14
    Use: Potion            |     3 |     1 ||     4
         Scroll            |       |     5 ||     5
   Stab: Sleeping          |     1 |     4 ||     5
 Armour: Robe              |    20 |    25 ||    45
  Dodge: Dodged            |    32 |    26 ||    58
